 Dungeon Crawl Stone Soup version 0.25.1-2-g60ff931df9 (webtiles) character file.

Game seed: 1242905608407150511

2312 DayCrawler the Poker (level 9, -15/85 HPs)
             Began as a Troll Berserker on Oct 15, 2020.
             Was a High Priest of Trog.
             Engulfed by Pikel's flame (18 damage)
             ... on level 7 of the Dungeon.
             The game lasted 00:50:10 (6079 turns).

DayCrawler the Poker (Troll Berserker)              Turns: 6079, Time: 00:50:11

Health: -15/85     AC: 13    Str: 27    XL:     9   Next: 18%
Magic:  8/8        EV: 11    Int:  3    God:    Trog [*****.]
Gold:   293        SH:  0    Dex: 12    Spells: 8/8 levels left

rFire    . . .     SeeInvis .   y - +2 trident (protect)
rCold    . . .     Gourm    +   (no shield)
rNeg     . . .     Faith    .   a - +0 animal skin
rPois    .         Spirit   .   (helmet restricted)
rElec    .         Reflect  .   (no cloak)
rCorr    .         Harm     .   (gloves unavailable)
MR       .....                  (boots unavailable)
Stlth    ++........             v - amulet of regeneration
HPRegen  1.04/turn              E - ring of flight
MPRegen  0.11/turn              (no ring)

@: protection aura, drained
A: large, unfitting armour, claws 3, fast metabolism 3, gourmand, regeneration
1, shaggy fur 1, tough skin 3
a: Berserk, Trog's Hand, Brothers in Arms, Renounce Religion, Evoke Flight


You were on level 7 of the Dungeon.
You worshipped Trog.
Trog was extremely pleased with you.
You were full.

You visited 2 branches of the dungeon, and saw 8 of its levels.

You collected 293 gold pieces.

Inventory:

Hand Weapons
 l - a +0 hunting sling
 y - a +2 trident of protection (weapon)
 D - a +3 war axe
 I - a +3 spear
Missiles
 f - 32 poisoned darts
 m - 214 stones (quivered)
 p - 3 datura-tipped darts
 r - 7 curare-tipped darts
 u - 5 javelins
Armour
 a - a +0 animal skin (worn)
 G - a cursed +0 cloak
Jewellery
 v - an amulet of regeneration (around neck)
 B - an uncursed ring of protection from cold {unknown}
 C - an uncursed amulet of guardian spirit {unknown}
 E - a ring of flight (left claw)
Wands
 w - a wand of paralysis (5)
Scrolls
 d - 3 scrolls of teleportation
 e - 2 scrolls of enchant armour {unknown}
 g - 3 scrolls of blinking
 h - 2 scrolls of fear
 i - a scroll of amnesia
 n - 8 scrolls of remove curse
 x - a scroll of immolation {unknown}
 F - a scroll of acquirement {unknown}
 H - a scroll of fog {unknown}
Potions
 c - a potion of ambrosia {unknown}
 j - 2 potions of brilliance
 k - 2 potions of degeneration
 o - a potion of lignification {unknown}
 q - a potion of invisibility {unknown}
 s - 2 potions of cancellation {unknown}
 t - a potion of mutation {unknown}
 z - a potion of curing {unknown}
 A - a potion of stabbing
Comestibles
 b - 12 rations


   Skills:
 + Level 4.5(3.8) Fighting
 + Level 6.4(5.7) Polearms
 + Level 0.1(0.0) Slings
 + Level 5.2(4.5) Dodging
 + Level 1.9(1.3) Stealth
 + Level 5.9(5.3) Unarmed Combat


You had 8 spell levels left.
You didn't know any spells.
Your spell library contained the following spells:

 Spells                   Type           Power        Failure   Level  Hunger
 Magic Dart               Conj           #...         52%         1    ##.....
 Blink                    Tloc           N/A          67%         2    ###....
 Call Imp                 Summ           #.......     67%         2    ###....
 Slow                     Hex            #.......     67%         2    ###....
 Conjure Flame            Conj/Fire      #.......     88%         3    ####...
 Mephitic Cloud           Conj/Pois/Air  #.......     88%         3    ####...


Dungeon Overview and Level Annotations

Branches:
Dungeon (7/15)             Temple (1/1) D:5

Altars:
Ashenzari
Cheibriados
Dithmenos
Elyvilon
Fedhas
Gozag
Hepliaklqana
Kikubaaqudgha
Makhleb
Nemelex Xobeh
Okawaru
Qazlal
Ru
Sif Muna
Trog
Uskayaw
Vehumet
Wu Jian
Xom
Yredelemnul
Zin
The Shining One

Shops:
D:5 *

Annotations:
D:7 Pikel


Innate Abilities, Weirdness & Mutations

You are too large for most types of armour.
You have claws for hands.
Your metabolism is lightning-fast.
You like to eat raw meat.
Your natural rate of healing is unusually fast.
You are covered in fur. (AC +1)
You have extremely tough skin. (AC +3)


Message History

You miss Pikel.
You are engulfed in blazing flames.
Pikel closely misses you.
You barely miss Pikel.
You are engulfed in blazing flames.
Pikel barely misses you.
You barely miss Pikel.
You are engulfed in blazing flames.
Pikel hits you but does no damage.
An adder comes into view.
You hit Pikel.
Pikel is lightly wounded.
You are engulfed in blazing flames.
Pikel barely misses you.
You closely miss Pikel.
Pikel is lightly wounded.
You are engulfed in blazing flames.
Pikel misses you.
You barely miss Pikel.
You are engulfed in blazing flames.
* * * LOW HITPOINT WARNING * * *
Pikel zaps a wand.
Pikel creates a blast of freezing vapour!
You are engulfed in blazing flames.
* * * LOW HITPOINT WARNING * * *
You are engulfed in blazing flames.
You die...

+....))....#......>..
#.....##..##...##....
#.....#############'#
#......+ #...#.....
##....## #...#.....
#####'#### #...'.....
#....[§..# ####...##...#
#....)§§§##p.##...##...#
#.....☼@§§Kpp.+.........
#..##.§§§##p..#.........
#.. #.§..# ..##..###...#
#. #....# .<#######...#
#. +....# .p. #.....'
###### .p.. +.....#
....p #.....#
...Kp.#.....# #.....#


You could see Pikel and 4 slaves.

Vanquished Creatures
  An orc warrior (D:6)
  2 sky beasts
  A phantom (D:5)
  2 centaurs
  An ogre (D:5)
  A big kobold (D:7)
  4 bullfrogs
  A gnoll sergeant (D:5)
  2 scorpions
  6 wights
  A howler monkey (D:4)
  3 crimson imps
  A bullfrog zombie (D:3)
  A hound (D:7)
  An orc priest (D:6)
  A jelly (D:7)
  3 bullfrog skeletons (D:5)
  An iguana (D:4)
  3 orc wizards (D:6)
  6 worker ants
  A hound zombie (D:5)
  12 gnolls
  5 adders
  A howler monkey skeleton (D:6)
  A shadow imp (D:5)
  3 adder skeletons
  2 worms (D:3)
  A dart slug (D:1)
  4 leopard geckos
  23 orcs
  7 bats
  6 giant cockroaches
  14 goblins
  12 hobgoblins
  7 jackals
  20 kobolds
  2 quokkas (D:3)
  6 frilled lizards
  3 jackal skeletons
  12 rats
184 creatures vanquished.

Notes
Turn   | Place    | Note
-------+----------+-------------------------------------------
     0 | D:1      | DayCrawler the Troll Berserker began the quest for the Orb.
     0 | D:1      | Reached XP level 1. HP: 22/22 MP: 0/0
    95 | D:1      | Reached XP level 2. HP: 28/29 MP: 1/1
   466 | D:1      | Reached XP level 3. HP: 36/36 MP: 2/2
   585 | D:1      | Reached ** piety under Trog
  1027 | D:2      | Found a shimmering altar of Xom.
  1028 | D:2      | Found a shimmering altar of Xom.
  1039 | D:2      | Found a shimmering altar of Xom.
  1039 | D:2      | Found a shimmering altar of Xom.
  1048 | D:2      | Found a shimmering altar of Xom.
  1065 | D:2      | Found a shimmering altar of Xom.
  1065 | D:2      | Found a shimmering altar of Xom.
  1117 | D:2      | Reached XP level 4. HP: 43/44 MP: 3/3
  2120 | D:3      | Reached XP level 5. HP: 52/52 MP: 4/4
  2221 | D:3      | Reached *** piety under Trog
  2597 | D:4      | Reached skill level 5 in Unarmed Combat
  2634 | D:4      | Reached skill level 1 in Stealth
  2775 | D:4      | Reached XP level 6. HP: 23/59 MP: 5/5
  3313 | D:5      | Entered Level 5 of the Dungeon
  3328 | D:5      | Found Taypniel's Lightly-Used Armoury.
  3388 | D:5      | Found a staircase to the Ecumenical Temple.
  3397 | Temple   | Entered the Ecumenical Temple
  3694 | D:5      | Reached skill level 1 in Polearms
  3694 | D:5      | Reached XP level 7. HP: 66/67 MP: 6/6
  3799 | D:5      | Reached skill level 2 in Polearms
  3989 | D:5      | Reached **** piety under Trog
  3996 | D:5      | Reached skill level 3 in Polearms
  4146 | D:5      | Reached XP level 8. HP: 75/75 MP: 7/7
  4588 | D:5      | Found an iron altar of Okawaru.
  4596 | D:5      | Reached skill level 4 in Polearms
  4971 | D:6      | Reached skill level 5 in Polearms
  5022 | D:6      | Found a stormy altar of Qazlal.
  5025 | D:6      | Found a basalt altar of Yredelemnul.
  5035 | D:6      | Found a glowing silver altar of Zin.
  5042 | D:6      | Found a sparkling altar of Nemelex Xobeh.
  5532 | D:6      | Found a hazy altar of Hepliaklqana.
  5715 | D:7      | Reached skill level 5 in Dodging
  5840 | D:7      | Reached skill level 6 in Polearms
  5840 | D:7      | Reached XP level 9. HP: 84/84 MP: 8/8
  6009 | D:7      | Reached ***** piety under Trog
  6060 | D:7      | Noticed Pikel
  6078 | D:7      | HP: 2/85 [Pikel] (19)]
  6079 | D:7      | Engulfed by Pikel's flame

Illustrated notes

Levels and vault maps discovered:
D:1:      noname_arrival_rooms_in_the_neighbourhood, layout_loops_cross,
          minmay_rat_gold_closets
D:2:      layout_basic, serial_glass, glass_columns_b, glass_columns_b,
          glass_columns_a, glass_columns_a, minmay_crystal_room, xom_redecorated
D:3:      layout_loops_corners
D:4:      layout_gridville, first_ration
D:5:      layout_basic, okawaru_altar_gauntlet_db, temple_hall,
          minmay_shop_damaged
D:6:      layout_cave_pools, kennysheep_mini, grunt_temple_overflow_cloverleaf,
          minmay_splitting_lines
D:7:      layout_gridville, uniq_pikel
Temple:   regret_index_temple_sphere_string

Skill      XL: |  1  2  3  4  5  6  7  8 |
---------------+-------------------------+-----
Unarmed Combat | 4 5 |  5.9
Dodging        | 3 4 5 |  5.2
Stealth        | 1 |  1.9
Fighting       | 3 4 |  4.5
Polearms       | 1 3 6 |  6.4
Slings         | |  0.1

Action                   |  1- 3 |  4- 6 |  7- 9 || total
-------------------------+-------+-------+-------++-------
Melee: Unarmed           |   105 |   136 |     1 ||   242
       Punch             |       |     8 |    14 ||    22
       Trident           |       |    74 |   357 ||   431
 Fire: Hunting sling     |     4 |       |       ||     4
Throw: Javelin           |       |     1 |       ||     1
  Use: Scroll            |       |     2 |    10 ||    12
       Potion            |       |       |     3 ||     3
 Stab: Sleeping          |     2 |     3 |     1 ||     6
       Distracted        |       |     2 |     1 ||     3
  Eat: Chunk             |    16 |    23 |    20 ||    59
Armor: Animal skin       |    40 |    81 |   144 ||   265
       Skin              |       |       |    17 ||    17
Dodge: Dodged            |    44 |   114 |   206 ||   364
